 Dungeon Crawl Stone Soup version 0.30.1-9-gdf580d7c3d (webtiles) character file.

Game seed: 6891965283590462688

240 AppTheSpectato the Chopper (level 6, -3/32 (50) HPs)
             Began as a Hill Orc Wanderer on Oct 24, 2023.
             Was an Initiate of Beogh.
             Killed from afar by an orc wizard (5 damage)
             ... with a puff of flame
             ... on level 3 of the Dungeon.
             The game lasted 00:06:55 (1641 turns).

AppTheSpectato the Chopper (Hill Orc Wanderer)      Turns: 1641, Time: 00:06:55

HP:   -3/32 (50)    AC:  8    Str: 21    XL:     6   Next: 8%
MP:   6/6           EV:  9    Int: 11    God:    Beogh [......]
Gold: 109           SH:  5    Dex:  7    Spells: 5/5 levels left

rFire   . . .        l - +1 spear (venom)
rCold   . . .        b - +2 buckler
rNeg    . . .        c - +0 scale mail
rPois   .            n - +0 helmet
rElec   .            (no cloak)
rCorr   .            (no gloves)
SInv    .            (no boots)
Will    .....        (no amulet) Stlth
                     (no ring)
HPRegen 0.25/turn    (no ring)
MPRegen 0.10/turn

%: no passive effects
@: very heavily drained
A: no striking features
a: Renounce Religion


You were on level 3 of the Dungeon.
You worshipped Beogh.
Beogh was noncommittal.
You visited 1 branch of the dungeon, and saw 3 of its levels.

You collected 109 gold pieces.

Inventory:

Hand Weapons
 a - a +0 mace
 l - a +1 spear of venom (weapon)
Armour
 b - a +2 buckler (worn)
 c - a +0 scale mail (worn)
 n - a +0 helmet (worn)
Jewellery
 o - a ring of willpower
Scrolls
 d - a scroll of fog
 g - a scroll of magic mapping {unknown}
 h - 2 scrolls of identify {unknown}
Potions
 e - a potion of mutation {unknown}
 f - a potion of magic {unknown}
 i - 2 potions of curing {unknown}
 j - 3 potions of brilliance {unknown}
 k - 2 potions of might {unknown}
 m - a potion of degeneration {unknown}


   Skills:
 - Level 2.4 Fighting
 * Level 7.5(7.6) Axes
 - Level 1.1(4.0) Maces & Flails
 - Level 1.0 Throwing
 - Level 4.3 Armour
 - Level 2.1 Shields


You had 5 spell levels left.
You didn't know any spells.
Your spell library was empty.

Dungeon Overview and Level Annotations

Branches:
Dungeon (3/15)

Altars:


Message History

Reactivating autopickup.
The orc wizard points at you and mumbles some strange words.
You resist with some effort.
You see here a +0 club.
You are too injured to fight recklessly!
You are too injured to fight recklessly!
Okay, then.
You don't know any spells.
Press: ? - help, v - describe, . - travel, g - get item
Here: an orc wizard, wielding a +2 dagger of draining and wearing a +0 robe Item here: a +0 club.
The floor.
An orc wizard is nearby!
Reach: l) +1 spear (venom)
Press: ? - help, Dir - move target, f/p - orc wizard
Aim: an orc wizard, wielding a +2 dagger of draining and wearing a +0 robe (about 49% to evade your +1 spear of venom)
You reach to attack!
You miss the orc wizard.
Reach: l) +1 spear (venom)
Press: ? - help, Dir - move target, f/p - orc wizard
Aim: an orc wizard, wielding a +2 dagger of draining and wearing a +0 robe (about 49% to evade your +1 spear of venom)
You closely miss the orc wizard.
The orc wizard hits you with a +2 dagger of draining.
* * * LOW HITPOINT WARNING * * *
You feel drained.
You are too injured to fight recklessly!
You closely miss the orc wizard. The orc wizard barely misses you.
You hit the orc wizard.
The orc wizard is poisoned.
The orc wizard is moderately wounded.
The orc wizard hits you but does no damage.
You feel drained.
You see here a +0 whip.
The orc wizard attacks as you move away!
The orc wizard barely misses you.
The orc wizard points at you and mumbles some strange words.
The magic dart hits you.
* * * LOW HITPOINT WARNING * * *
The orc wizard casts a spell at you. The puff of flame hits you.
You die...
Beogh appreciates the orc wizard's killing of a heretic priest.

#####...#######.##...#.#
#.# ....................
. #.#
####.###.............. #
# #.## #. #.....
.......# #.#... #.
##..... .####.#.## .
...$... ...o...h.. .
.......## #####o#..#
........### #....# #.@.#
########..# #)#.##
#.[........
#)#..####...o.##...
####.##o..##.....##.#.
#.....)##.)#.....##.#.
#......###..)######.#.
#......# ###....# #.#.
#....... #.##..##.#
#........ #.# .# .#


You could see an orc wizard (very poisoned).

Vanquished Creatures
  Sigmund (D:3)
  3 adders
  A worm (D:3)
  4 orcs (D:3)
  7 ball pythons
  An endoplasm (D:2)
  3 giant cockroaches
  3 goblins
  5 hobgoblins
  4 jackals (D:1)
  5 kobolds
  A quokka (D:1)
  4 bats
  2 frilled lizards
  5 rats
49 creatures vanquished.

Vanquished Creatures (others)
  3 orcs (D:3)
3 creatures vanquished.

Grand Total: 52 creatures vanquished

Notes
Turn   | Place    | Note
-------+----------+-------------------------------------------
     0 | D:1      | AppTheSpectato the Hill Orc Wanderer began the quest for
                  | the Orb.
     0 | D:1      | AppTheSpectato set off with the following items: a +0 mace,
                  | a +2 buckler, a +0 scale mail, a scroll of fog.
     0 | D:1      | Reached XP level 1. HP: 18/18 MP: 1/1
    66 | D:1      | Reached skill level 1 in Axes
   143 | D:1      | Reached skill level 2 in Axes
   143 | D:1      | Reached XP level 2. HP: 25/25 MP: 2/2
   270 | D:1      | Reached skill level 3 in Axes
   634 | D:2      | Reached XP level 3. HP: 30/30 MP: 3/3
   777 | D:2      | Reached skill level 4 in Axes
  1017 | D:2      | Identified the +4 leather armour of Gluttony {Rampage Will+
                  | Str-2 Stlth+}
  1318 | D:3      | Reached XP level 4. HP: 37/37 MP: 4/4
  1385 | D:3      | Noticed Sigmund
  1425 | D:3      | Reached skill level 5 in Axes
  1475 | D:3      | Killed Sigmund
  1476 | D:3      | Reached skill level 7 in Axes
  1476 | D:3      | Reached XP level 5. HP: 41/42 MP: 5/5
  1476 | D:3      | Reached XP level 6. HP: 49/50 MP: 6/6
  1537 | D:3      | Noticed a black bear
  1605 | D:3      | Became a worshipper of Beogh the Brigand
  1641 | D:3      | Killed from afar by an orc wizard

Illustrated notes

Levels and vault maps discovered:
D:1:      wander_arrival_lonely_grave, layout_loops_ring, serial_bayou_pond_a,
          serial_park_tiny_2
D:2:      layout_basic
D:3:      layout_basic, grunt_temple_overflow_magic_moments, skrybe_limestone_x,
          minmay_misc_feat_columns, uniq_sigmund

Skill      XL: |  1  2  3  4 |
---------------+-------------+-----
Axes           | 2 3 4 7 |  7.5
Fighting       | |  2.4
Maces & Flails | |  1.1
Throwing       | |  1.0
Armour         | |  4.3
Shields        | |  2.1

Action                     |  1- 3 |  4- 6 || total
---------------------------+-------+-------++-------
  Melee: Mace              |    75 |       ||    75
         Spear             |    60 |    42 ||   102
         Unarmed           |       |     1 ||     1
 Invoke: Convert to Beogh  |       |     1 ||     1
 Armour: Scale mail        |    59 |    13 ||    72
  Dodge: Dodged            |    46 |    19 ||    65
  Block: Buckler           |    34 |     9 ||    43
